 Dungeon Crawl Stone Soup version 0.24.0-1-gfbc8707122 (webtiles) character file.

Game seed: 16256491535351439772, levelgen mode: deterministic

105 Nivan the Conjurer (level 4, -2/33 HPs)
             Began as a Draconian Conjurer on Oct 25, 2019.
             Slain by Grinder (9 damage)
             ... on level 4 of the Dungeon.
             The game lasted 00:08:06 (2100 turns).

Nivan the Conjurer (Draconian Conjurer)             Turns: 2100, Time: 00:08:06

Health: -2/33      AC:  5    Str: 10    XL:     4   Next: 53%
Magic:  2/8        EV:  9    Int: 16    God:
Gold:   284        SH:  8    Dex: 12    Spells: 7/8 levels left

rFire    . . .     SeeInvis .   b - +1 short sword (protect)
rCold    . . .     Gourm    .   m - +2 shield
rNeg     . . .     Faith    .   (armour unavailable)
rPois    .         Spirit   .   (helmet restricted)
rElec    .         Reflect  .   e - scarf {cloud immunity}
rCorr    .         Harm     .   (no gloves)
MR       .....                  (no boots)
Stlth    ++........             (no amulet)
HPRegen  0.11/turn              d - ring of flight
MPRegen  0.11/turn              (no ring)

@: no status effects
A: unfitting armour, cold-blooded, AC +5
a: Evoke Flight


You were on level 4 of the Dungeon.
You were not hungry.

You visited 1 branch of the dungeon, and saw 4 of its levels.

You collected 284 gold pieces.

Inventory:

Hand Weapons
 b - a +1 short sword of protection (weapon)
Armour
 e - a scarf of cloud immunity (worn)
 m - a +2 shield (worn)
Magical Staves
 a - an uncursed staff of wizardry
Jewellery
 d - a ring of flight (left hand)
Wands
 w - a wand of iceblast (10)
Scrolls
 h - a scroll of noise {unknown}
 i - 2 scrolls of magic mapping {unknown}
 j - 4 scrolls of teleportation {unknown}
 o - a scroll of remove curse {unknown}
 q - a scroll of enchant armour {unknown}
 r - a scroll of amnesia {unknown}
Potions
 c - a potion of agility {unknown}
 f - a potion of flight {unknown}
 k - a potion of might {unknown}
 l - a potion of cancellation {unknown}
 n - 2 potions of brilliance {unknown}
 p - a potion of magic {unknown}
 s - a potion of heal wounds {unknown}
 u - a potion of haste {unknown}
 v - 2 potions of curing {unknown}
Comestibles
 g - 8 rations
 t - 2 chunks of flesh


   Skills:
 + Level 0.3 Short Blades
 + Level 2.0 Dodging
 + Level 2.3 Stealth
 + Level 0.1 Shields
 + Level 2.8 Spellcasting
 + Level 5.0 Conjurations


You had 7 spell levels left.
You knew the following spells:

 Your Spells              Type           Power        Failure   Level  Hunger
a - Magic Dart            Conj           ###.         16%         1    #......

Your spell library contained the following spells:

 Spells                   Type           Power        Failure   Level  Hunger
 Searing Ray              Conj           ###...       24%         2    ##.....
 Dazzling Spray           Conj/Hex       ##....       80%         3    ###....
 Iskenderun's Mystic Bla  Conj           ###.....     85%         4    #####..
 Force Lance              Conj/Tloc      ##......     99%         4    #####..
 Fulminant Prism          Conj/Hex       ##........   99%         4    #####..


Dungeon Overview and Level Annotations

Branches:
Dungeon (4/15)
 Temple: D:4-7

Altars:
Ru

Annotations:
D:4 Grinder


Innate Abilities, Weirdness & Mutations

Your plain brown scales are hard. (AC +5)
You cannot fit into any form of body armour.
You are cold-blooded and may be slowed by cold attacks.


Message History

You suddenly lose the ability to move!
Grinder hits you.
You writhe in agony.
Grinder gestures at you. Pain shoots through your body! Grinder hits you.
Grinder says, "My boss said I was rubbish.
His entrails said otherwise."
Grinder hits you but does no damage. Grinder gestures at you.
Pain shoots through your body!
* * * LOW HITPOINT WARNING * * *
You can move again.
Casting: Magic Dart (safe; 16% risk of failure)
Confirm with . or Enter, or press ? or * to list all spells.
Aiming: Magic Dart (safe; 16% risk of failure)
Press: ? - help, Shift-Dir - straight line, f/p - Grinder
Aim: Grinder (heavily wounded)
The magic dart hits Grinder.
Grinder is heavily wounded.
Grinder hits you!
You die...

#### #..# .#
...##...###.%....#
.#####...##........(...#
.#.#....##............##.
..........................
###..#..............#.....
##..###............#.....
#...##.........5.........
#..##........>.@>......[.
#.......รท.##.............
#...#..###.###............
..###..##..............##
.. ...####.....###....##
.......#.......# ##..##
...........#.#.# ...#
.##.....#..###... ..##
#....##### ##... ...


You could see Grinder.

Vanquished Creatures
  A centaur skeleton (D:4)
  2 adders
  An adder skeleton (D:4)
  2 dart slugs
  3 leopard geckos
  3 orcs
  A ball python (D:2)
  3 bats
  2 giant cockroaches
  6 goblins
  5 hobgoblins
  3 jackals (D:2)
  3 kobolds
  2 quokkas
  2 frilled lizards (D:2)
  2 rats (D:2)
41 creatures vanquished.

Notes
Turn   | Place    | Note
-------+----------+-------------------------------------------
     0 | D:1      | Nivan the Draconian Conjurer began the quest for the Orb.
     0 | D:1      | Reached XP level 1. HP: 14/14 MP: 3/3
   272 | D:1      | Reached XP level 2. HP: 16/20 MP: 0/5
   612 | D:2      | Reached XP level 3. HP: 26/26 MP: 0/6
   628 | D:2      | Found a sacrificial altar of Ru.
  1913 | D:4      | Reached skill level 5 in Conjurations
  1913 | D:4      | Reached XP level 4. HP: 18/33 MP: 1/8
  2070 | D:4      | Noticed Grinder
  2076 | D:4      | Paralysed by Grinder for 3 turns
  2094 | D:4      | Paralysed by Grinder for 6 turns
  2100 | D:4      | Slain by Grinder

Levels and vault maps discovered:
D:1:      psy_arrival_terrarium, layout_basic
D:2:      layout_loops_ring, hangedman_decor_push, kennysheep_doodads,
          minmay_misc_feat_five, nicolae_ru_sacrificial_ziggurat
D:3:      layout_loops_cross, corexii_leaking_fountain
D:4:      layout_cave_pools, first_ration, uniq_grinder

Skill      XL: |  1  2  3 |
---------------+----------+-----
Stealth        | 2 |  2.3
Dodging        | 2 |  2.0
Conjurations   | 5 |  5.0
Short Blades   | |  0.3
Shields        | |  0.1
Spellcasting   | |  2.8

Action                   |  1- 3 |  4- 6 || total
-------------------------+-------+-------++-------
Melee: Unarmed           |     5 |       ||     5
       Tailslap          |     3 |     1 ||     4
       Short sword       |    28 |    11 ||    39
       Staff             |     3 |       ||     3
 Cast: Magic Dart        |    79 |    12 ||    91
  Eat: Chunk             |     4 |     1 ||     5
Armor: Skin              |    12 |     2 ||    14
Dodge: Dodged            |    14 |     3 ||    17
Block: Shield            |    11 |     3 ||    14
